 Dungeon Crawl Stone Soup version 0.28-a0-691-gad6df49e81 (webtiles) character file.

Game seed: 11875025364433921290

346 EiAlmux the Magician (level 6, 0/35 HPs)
             Began as a Deep Elf Hedge Wizard on Oct 21, 2021.
             Succumbed to a kobold brigand's poison
             ... on level 4 of the Dungeon.
             The game lasted 00:12:24 (4600 turns).

EiAlmux the Magician (Deep Elf Hedge Wizard)        Turns: 4600, Time: 00:12:25

Health: 0/35       AC:  0    Str:  6 (7)  XL:     6   Next: 32%
Magic:  3/16       EV: 21    Int: 20 (21) God:
Gold:   108        SH:  0    Dex: 18 (19) Spells: 11/16 levels left

rFire   . . .      SeeInvis .   (weapon currently unavailable)
rCold   . . .      Faith    .   (shield currently unavailable)
rNeg    . . .      Spirit   .   (armour currently unavailable)
rPois   .          Reflect  .   (helmet currently unavailable)
rElec   .          Harm     .   (cloak currently unavailable)
rCorr   .          Rampage  .   (gloves currently unavailable)
Will    .....                   (boots currently unavailable)
Stlth   +++.......              (no amulet)
HPRegen 0.11/turn               (ring currently unavailable)
MPRegen 0.15/turn               (ring currently unavailable)

@: lethally poisoned (0 -> -2), bat-form, on berserk cooldown, attractive,
flying, slowed, quick
A: fast, flying, no casting, tiny
a: no special abilities


You were on level 4 of the Dungeon.
You were a bat.
You visited 1 branch of the dungeon, and saw 4 of its levels.

You collected 108 gold pieces.

Inventory:

Hand Weapons
 g - a +2 dagger of venom (melded)
Armour
 b - a +0 robe (melded)
 c - a +0 hat (melded)
 q - a +0 buckler
Jewellery
 n - a ring of fire
Scrolls
 d - a scroll of immolation
 f - a scroll of summoning
 i - 2 scrolls of noise {unknown}
 j - a scroll of identify {unknown}
 k - a scroll of enchant weapon {unknown}
 o - a scroll of blinking {unknown}


   Skills:
 - Level 2.0 Fighting
 + Level 4.0 Dodging
 + Level 4.2 Stealth
 + Level 5.6 Spellcasting
 + Level 3.0 Conjurations
 - Level 2.0 Summonings
 - Level 2.0 Translocations


You had 11 spell levels left.
You knew the following spells:

 Your Spells              Type           Power      Damage    Failure   Level
a - Magic Dart            Conj           68%        1d6       3%          1
b - Blink                 Tloc           N/A        N/A       8%          2
c - Ensorcelled Hibernat  Hex/Ice        10%        N/A       17%         2

Your spell library contained the following spells:

 Spells                   Type           Power      Damage    Failure   Level
 Call Imp                 Summ           13%        N/A       8%          2
 Beastly Appendage        Tmut           10%        N/A       11%         1
 Passwall                 Tmut/Erth      4%         N/A       17%         2
 Slow                     Hex            5%         N/A       17%         2
 Wereblood                Tmut           5%         N/A       17%         2
 Conjure Flame            Conj/Fire      11%        6-21      17%         3
 Mephitic Cloud           Conj/Pois/Air  9%         N/A       22%         3
 Spider Form              Tmut/Pois      2%         N/A       32%         3
 Swiftness                Air            5%         N/A       32%         3
 Tukima's Dance           Hex            5%         N/A       32%         3
 Invisibility             Hex            2%         N/A       100%        6


Dungeon Overview and Level Annotations

Branches:
Dungeon (4/15)
 Temple: D:4-7

Altars:

Shops:
D:1 *

Annotations:
D:3 exclusion: scorpion


Message History

You turn into a bat.
Your +2 dagger of venom melds into your body.
Your +0 hat melds into your body.
Your +0 robe melds into your body.
Your +2 dagger of venom stops dripping with poison.
The now-empty wand crumbles to dust.
* * * LOW HITPOINT WARNING * * *
You feel sick.
It was a potion of attraction.
You feel attractive to monsters.
* * * LOW HITPOINT WARNING * * *
You feel sick.
It was a potion of lignification.
You feel woody for a moment.
* * * LOW HITPOINT WARNING * * *
You feel sick.
It was a potion of degeneration.
There was something very wrong with that liquid.
You feel weakened.
You feel dopey.
You feel clumsy.
* * * LOW HITPOINT WARNING * * *
You feel sick.
It was a potion of berserk rage.
A red film seems to cover your vision as you go berserk!
You feel yourself moving faster!
You feel mighty!
* * * LOW HITPOINT WARNING * * *
You feel sick.
You are possessed by a berserker rage.
You are lethally poisoned (2 -> 0).
You are a bat.
You attract monsters toward you.
You are flying.
Your flying speed is very quick.
Your attack delay is about 0.6.
Your base attributes are Str 7, Int 21, Dex 14.
You are too berserk!
You feel a strong urge to attack something.
* * * LOW HITPOINT WARNING * * *
You feel sick.
You feel your anger nearly subside.
You are too injured to fight recklessly!
You are too berserk!
There is a lethal amount of poison in your body!
You are no longer berserk.
You are exhausted.
You feel yourself slow down.
You die...

.# .##
#.............# ..#
#.............# ..##
#.............# ...#
#............# ...##
#..........[.# .)..#
#...........#
....####...........#
................b..##
.......##...........#
......###...........#
......# ######......#
...K..# ##.....#
.....## ##.....##
..>..# ###..)....##
..#..# ##....).....##
###..# #............#


There were no monsters in sight!

Vanquished Creatures
  A kobold brigand (D:4)
  A scorpion (D:3)
  A centaur skeleton (D:4)
  Terence (D:2)
  Natasha (thrice) (D:3)
  An adder (D:4)
  2 worms
  7 orcs (D:3)
  5 endoplasms
  2 giant cockroaches (D:2)
  4 goblins
  5 hobgoblins
  2 jackals (D:2)
  3 quokkas (D:2)
  6 ball pythons
  10 bats
  3 frilled lizards
  A jackal skeleton (D:4)
  6 kobolds
  6 rats
70 creatures vanquished.

Vanquished Creatures (collateral kills)
  A frilled lizard (D:3)
1 creature vanquished.

Grand Total: 71 creatures vanquished

Notes
Turn   | Place    | Note
-------+----------+-------------------------------------------
     0 | D:1      | EiAlmux the Deep Elf Hedge Wizard began the quest for the
                  | Orb.
     0 | D:1      | Reached XP level 1. HP: 10/10 MP: 7/7
   186 | D:1      | Found Quwiczuw's Assorted Antiques.
   337 | D:1      | Reached XP level 2. HP: 15/15 MP: 0/9
   340 | D:1      | Learned a level 2 spell: Blink
  1504 | D:2      | Reached XP level 3. HP: 20/20 MP: 7/11
  1576 | D:2      | Found a faded altar of an unknown god.
  1767 | D:2      | Noticed Terence
  2022 | D:2      | Killed Terence
  2023 | D:2      | Reached XP level 4. HP: 18/24 MP: 8/12
  2594 | D:3      | Noticed Natasha
  2638 | D:3      | Killed Natasha
  2639 | D:3      | Reached skill level 1 in Fighting
  2707 | D:3      | Learned a level 2 spell: Ensorcelled Hibernation
  2772 | D:3      | Noticed a scorpion
  3454 | D:3      | Noticed Natasha
  3474 | D:3      | Killed Natasha
  3475 | D:3      | Reached skill level 5 in Spellcasting
  3475 | D:3      | Reached XP level 5. HP: 9/29 MP: 1/14
  3725 | D:3      | Noticed Natasha
  3731 | D:3      | Killed Natasha
  4123 | D:3      | Noticed a necrophage
  4220 | D:4      | Reached XP level 6. HP: 31/35 MP: 6/16
  4596 | D:4      | HP: 2/52 [poisoned by a kobold brigand]
  4600 | D:4      | Succumbed to a kobold brigand's poison

Illustrated notes

Levels and vault maps discovered:
D:1:      amcnicky_arrival_wind_blow, layout_loops_ring, serial_shops, shop
D:2:      layout_rooms, chequers_ecumenical_altar_simple, nrook_mini_vaults,
          uniq_terence
D:3:      layout_loops_ring, minmay_misc_feat_chi, uniq_natasha
D:4:      layout_cave_pods

Skill      XL: |  1  2  3  4  5  6 |
---------------+-------------------+-----
Dodging        | 3 4 |  4.0
Stealth        | 3 4 |  4.2
Translocations | 2 |  2.0
Conjurations   | 2 3 |  3.0
Fighting       | 1 2 |  2.0
Summonings     | 2 |  2.0
Spellcasting   | 5 |  5.6

Action                   |  1- 3 |  4- 6 || total
-------------------------+-------+-------++-------
Melee: Dagger            |     6 |     9 ||    15
       Unarmed           |     3 |       ||     3
 Cast: Magic Dart        |    92 |   112 ||   204
       Blink             |     1 |    11 ||    12
       Ensorcelled Hiber |       |     8 ||     8
Evoke: Wand              |       |     2 ||     2
  Use: Scroll            |       |     2 ||     2
       Potion            |       |     5 ||     5
Armor: Robe              |     1 |    10 ||    11
Dodge: Dodged            |     8 |    53 ||    61

Table legend: (Time is in decaauts)
 A = Elapsed time spent in this place.
 B = Non-inter-level travel time spent in this place.
 C = Inter-level travel time spent in this place.
 D = Time resting spent in this place.
 E = Time spent auto-exploring this place.
 F = Levels seen in this place.
 G = Mean time per level.
                   A        B        C        D        E       F      G
               +--------+--------+--------+--------+--------+-----+--------+
         Total |   4582 |   4422 |    160 |    980 |   2750 |   4 | 1145.5 |
       Dungeon |   4582 |   4422 |    160 |    980 |   2750 |   4 | 1145.5 |
               +--------+--------+--------+--------+--------+-----+--------+

Top non-repeatable levels by time:
     D:3: 1642 daAuts
     D:2: 1539 daAuts
     D:1: 1186 daAuts
     D:4: 214 daAuts
